 Dungeon Crawl Stone Soup version 0.17-a0-1407-gde22cd8 (webtiles) character file.

15192 Geeful the Transmogrifier (level 12, -7/93 HPs)
             Began as an Octopode Transmuter on June 22, 2015.
             Was an Elder of Sif Muna.
             Mangled by an elephant (17 damage)
             ... on level 3 of the Lair of Beasts.
             The game lasted 01:46:31 (20122 turns).

Geeful the Transmogrifier (Octopode Transmuter)    Turns: 20122, Time: 01:46:31

Health: -7/93      AC:  3    Str:  9    XL:     12   Next: 24%
Magic:  8/24       EV: 27    Int: 15    God:    Sif Muna [****..]
Gold:   333        SH:  0    Dex: 25    Spells: 5 memorised, 16 levels left

rFire  + + .     SeeInvis .       - Unarmed
rCold  + . .     Clarity  .     (shield currently unavailable)
rNeg   . . .     SustAt   +     G - +0 hat
rPois  +         Gourm    +     i - amulet of the gourmand
rElec  .         Spirit   .     u - ring of protection from cold
rCorr  .         Warding  .     r - ring of protection from fire
rMut   .         Stasis   .     w - +1 ring of protection
MR     .....                    q - ring of protection from fire
Stlth  ++++......               D - ring of poison resistance
                                H - ring of sustain attributes
                                (no ring)
                                (no ring)

@: agile, blade tentacles (expiring), very slightly contaminated, not resistant
to hostile enchantments, stealthy
A: almost no armour, amphibious, 8 rings, constrict 8, molten scales 1,
camouflage 1, agile 1, robust 1, gelatinous body 1
a: End Transformation, Channel Energy, Forget Spell, Renounce Religion


You were on level 3 of the Lair of Beasts.
You worshipped Sif Muna.
Sif Muna was greatly pleased with you.
You were very full.
You had blades for tentacles.
You visited 2 branches of the dungeon, and saw 13 of its levels.

You collected 743 gold pieces.
You spent 410 gold pieces at shops.

Inventory:

Hand weapons
 b - a +0 blowgun
 I - the +2 short sword "Yluiqoiwk" {elec, *Noise rN+++}
   (You found it on level 3 of the Lair of Beasts)

   Occasionally, upon striking a foe, it will discharge some electrical energy
   and cause terrible harm.
   It renders you almost immune to negative energy.
   It may make noises in combat.
Missiles
 a - 151 arrows
 m - 39 poisoned needles
 p - 14 arrows of frost
Armour
 G - a +0 hat (worn)
Magical staves
 E - an uncursed staff of wizardry
Jewellery
 i - an amulet of the gourmand (around mantle)
 q - a ring of protection from fire (on tentacle)
 r - a ring of protection from fire (right scythe-like blade)
 u - a ring of protection from cold (left scythe-like blade)
 w - a +1 ring of protection (on tentacle)
 D - a ring of poison resistance (on tentacle)
 H - a ring of sustain attributes (on tentacle)
Magical devices
 y - a wand of fire (4)
 z - a wand of paralysis (7)
 C - a wand of draining (2)
 F - a wand of enslavement (16)
Scrolls
 d - 2 scrolls of amnesia
 e - 2 scrolls of identify
 f - 2 scrolls of magic mapping
 o - 2 scrolls of remove curse
 s - 2 scrolls of fog
 v - 2 scrolls of recharging
Potions
 k - 2 potions of flight
 A - a potion of cure mutation
 B - a potion of might
Books
 h - a book of Changes

   Spells                             Type                      Level
   a - Beastly Appendage              Transmutation                1
   b - Sticks to Snakes               Transmutation                2
   c - Spider Form                    Transmutation/Poison         3
   d - Ice Form                       Ice/Transmutation            4
   e - Blade Hands                    Transmutation                5
 x - a book of Minor Magic

   Spells                             Type                      Level
   a - Magic Dart                     Conjuration                  1
   b - Blink                          Translocation                2
   c - Call Imp                       Summoning                    2
   d - Repel Missiles                 Charms/Air                   2
   e - Slow                           Hexes                        2
   f - Conjure Flame                  Conjuration/Fire             3
   g - Mephitic Cloud                 Conjuration/Poison/Air       3
Comestibles
 c - 7 bread rations
 j - 4 fruits
 l - 4 meat rations
 n - a slice of pizza


   Skills:
 + Level 9.1 Fighting
 + Level 9.2 Dodging
 + Level 8.8 Unarmed Combat
 + Level 8.5 Spellcasting
 + Level 9.2 Transmutations


You had 16 spell levels left.
You knew the following spells:

 Your Spells              Type           Power        Failure   Level  Hunger
a - Beastly Appendage     Trmt           ####..       12%         1    None
b - Sticks to Snakes      Trmt           ####......   12%         2    None
c - Repel Missiles        Chrm/Air       #.....       58%         2    None
d - Blink                 Tloc           N/A          58%         2    None
e - Blade Hands           Trmt           ####......   45%         5    #####..


Dungeon Overview and Level Annotations

Branches:
Dungeon (10/15)            Temple (0/1) D:7            Lair (3/8) D:10
  Swamp: Lair:3-6    Shoals: Lair:3-6     Snake: Lair:3-6    Spider: Lair:3-6
    Orc: D:9-12

Altars:
Ashenzari
Cheibriados
Dithmenos
Gozag
Qazlal
Sif Muna
Trog
Vehumet
Xom
Yredelemnul
Zin

Shops:
D:10 }

Annotations:
D:5 tijit's ghost, experienced HOGl
Lair:2 exclusion: hydra, Gastronok
Lair:3 exclusion: naga warrior


Innate Abilities, Weirdness & Mutations

You cannot wear most types of armour.
You are amphibious.
You can wear up to eight rings at the same time.
You can use your tentacles to constrict eight enemies at once.
Your skin changes colour to match your surroundings (Stealth).
Your rubbery body absorbs attacks (AC +1).
You are partially covered in molten scales (AC +1).
You are agile. (Dex +2)
You are robust (+10% HP).


Message History

Your skin tingles.
The elephant misses you.
The elephant trunk-slaps you but does no damage.
Casting: Blink
Confirm with . or Enter, or press ? or * to list all spells.
You miscast Blink.
Nothing appears to happen.
The elephant misses you. The elephant trunk-slaps you.
* * * LOW HITPOINT WARNING * * *
Casting: Blink
Confirm with . or Enter, or press ? or * to list all spells.
You miscast Blink.
Sif Muna protects you from the effects of your miscast!
The elephant misses you. The elephant trunk-slaps you.
* * * LOW HITPOINT WARNING * * *
Casting: Blink
Confirm with . or Enter, or press ? or * to list all spells.
Okay, then.
Drink which item? (? for menu, Esc to quit)
You feel agile all of a sudden. The elephant tramples you!
You die...
PP≈PP≈#

..P≈♣P≈ P≈♣≈≈####..≈P≈##
≈.≈≈P≈≈..≈P≈≈P≈## .
.≈P≈≈≈≈...≈≈P≈..# ...
.≈≈♣≈P≈P≈P♣≈PP..#####....
...P♣≈≈P≈≈≈≈.≈..P........
.+≈.≈♣♣≈♣≈≈≈≈....Y..'....
.##≈≈≈≈♣♣≈≈.P..Y###.#....
###≈.≈≈♣≈♣P..'##@# # #
##≈.P≈≈♣≈≈≈≈..####
#≈##.P≈≈≈PP≈..#
###≈P.P≈P≈≈#.## #
##≈≈≈P≈.##.## #### ##
#.).≈####'.### #...
.#####..........#. ##..
+..###............ ....
#....'........... ....


You could see an elephant.

Vanquished Creatures
  3 elephants (Lair:3)
  4 black mambas (Lair:3)
  4 komodo dragons
  3 spiny frogs
  2 fire drakes (Lair:1)
  A troll (D:8)
  Grinder (D:3)
  9 yaks
  2 basilisks
  7 hippogriffs
  9 wolves
  2 porcupines
  2 nagas (Lair:3)
  2 phantoms
  A black bear (D:10)
  7 water moccasins
  3 orc warriors
  3 sky beasts
  11 ice beasts
  A wasp (D:8)
  2 centaurs (D:10)
  An ogre (D:4)
  6 crocodiles
  10 giant frogs
  2 scorpions
  A killer bee (D:10)
  An electric eel (Lair:3)
  2 wasp zombies
  7 orc priests
  Ijyb (D:3)
  4 hounds
  A giant frog zombie (D:10)
  6 iguanas
  Terence (D:3)
  2 orc wizards
  8 worker ants
  7 sheep
  A killer bee zombie (D:10)
  2 hound skeletons
  Robin (D:3)
  3 gnolls (D:4)
  8 adders
  43 river rats
  5 shadow imps
  An ooze (D:3)
  3 adder skeletons
  5 worms
  4 giant geckos
  37 orcs
  2 ball pythons
  18 bats
  5 giant cockroaches
  13 hobgoblins
  19 jackals
  13 kobolds
  3 giant newts
  21 goblins
  6 quokkas
  19 rats
371 creatures vanquished.

Vanquished Creatures (collateral kills)
  An adder (D:2)
  A worm (D:2)
2 creatures vanquished.

Vanquished Creatures (others)
  An orc warrior (D:6)
  An orc wizard (D:6)
  9 fungi
  17 plants
28 creatures vanquished.

Grand Total: 401 creatures vanquished

Notes
Turn   | Place    | Note
--------------------------------------------------------------
     0 | D:1      | Geeful the Octopode Transmuter began the quest for the Orb.
     0 | D:1      | Reached XP level 1. HP: 13/13 MP: 3/3
   177 | D:1      | Reached XP level 2. HP: 18/18 MP: 3/5
   691 | D:1      | Learned a level 2 spell: Sticks to Snakes
   885 | D:2      | Reached skill level 4 in Unarmed Combat
   944 | D:1      | Reached XP level 3. HP: 3/23 MP: 4/6
  1868 | D:2      | Found a stormy altar of Qazlal.
  1870 | D:2      | Found a radiant altar of Vehumet.
  1913 | D:2      | Found a glowing silver altar of Zin.
  1915 | D:2      | Found a snail-covered altar of Cheibriados.
  2094 | D:2      | Reached XP level 4. HP: 28/28 MP: 7/7
  2281 | D:3      | Reached skill level 5 in Unarmed Combat
  2503 | D:3      | Noticed Robin
  2508 | D:3      | Killed Robin
  2651 | D:3      | Reached XP level 5. HP: 14/33 MP: 1/8
  2873 | D:3      | Found a shimmering altar of Xom.
  2874 | D:3      | Noticed Grinder
  2874 | D:3      | Noticed Terence
  2916 | D:3      | Killed Terence
  2921 | D:3      | Killed Grinder
  2921 | D:3      | Reached skill level 7 in Unarmed Combat
  2921 | D:3      | Reached XP level 6. HP: 9/38 MP: 3/9
  2922 | D:3      | Noticed Ijyb
  3480 | D:3      | Killed Ijyb
  3560 | D:3      | Found a deep blue altar of Sif Muna.
  3563 | D:3      | Became a worshipper of Sif Muna the Loreminder
  3933 | D:4      | Found a bloodstained altar of Trog.
  4223 | D:4      | Reached XP level 7. HP: 42/44 MP: 8/10
  4916 | D:4      | Found an opulent altar of Gozag.
  4938 | D:4      | Learned a level 2 spell: Repel Missiles
  4941 | D:4      | Learned a level 2 spell: Blink
  5571 | D:5      | Entered Level 5 of the Dungeon
  5829 | D:5      | Noticed tijit's ghost (experienced HOGl)
  5979 | D:5      | Found a basalt altar of Yredelemnul.
  6184 | D:6      | Found a deep blue altar of Sif Muna.
  6295 | D:5      | Found a radiant altar of Vehumet.
  7097 | D:6      | Reached XP level 8. HP: 42/52 MP: 10/13
  7606 | D:6      | Acquired Sif Muna's first power
  8238 | D:6      | Gained mutation: You are partially covered in molten scales (AC +1). [potion of mutation]
  8238 | D:6      | Gained mutation: You are robust (+10% HP). [potion of mutation]
  8238 | D:6      | Gained mutation: You are agile. (Dex +2) [potion of mutation]
  9121 | D:7      | Found a staircase to the Ecumenical Temple.
  9436 | D:7      | Reached XP level 9. HP: 64/64 MP: 13/15
  9489 | D:7      | Found a shattered altar of Ashenzari.
  9511 | D:7      | Found a shadowy altar of Dithmenos.
  9981 | D:8      | Reached skill level 5 in Dodging
 10183 | D:8      | Reached skill level 5 in Transmutations
 10192 | D:8      | Noticed a seven-headed hydra
 10279 | D:8      | Reached skill level 5 in Fighting
 10447 | D:8      | Reached skill level 5 in Spellcasting
 10985 | D:8      | Noticed a manticore
 11124 | D:8      | Paralysed by a wasp for 3 turns
 11842 | D:10     | Entered Level 10 of the Dungeon
 12150 | D:10     | Acquired Sif Muna's second power
 12170 | D:10     | Reached XP level 10. HP: 27/74 MP: 18/18
 13473 | D:10     | Found Cumnahiu's Gadget Emporium.
 13624 | D:10     | Bought a wand of fire (10) for 280 gold pieces
 13624 | D:10     | Bought a wand of paralysis (11) for 130 gold pieces
 13856 | D:10     | Found a staircase to the Lair.
 13857 | D:10     | Noticed a komodo dragon
 14132 | D:10     | Killed a komodo dragon
 14186 | Lair:1   | Entered Level 1 of the Lair of Beasts
 15175 | Lair:1   | Reached XP level 11. HP: 74/82 MP: 21/21
 15587 | Lair:2   | Reached skill level 8 in Transmutations
 15843 | Lair:2   | Noticed a seven-headed hydra
 15879 | Lair:1   | Noticed an eight-headed hydra
 15933 | Lair:2   | Noticed an eight-headed hydra
 16053 | Lair:2   | Noticed Gastronok
 17797 | Lair:3   | Learned a level 5 spell: Blade Hands
 18019 | Lair:3   | Acquired Sif Muna's third power
 19329 | Lair:3   | Reached XP level 12. HP: 71/92 MP: 24/24
 19335 | Lair:3   | Got an iridescent short sword
 19338 | Lair:3   | Identified the +2 short sword "Yluiqoiwk" {elec, *Noise rN+++} (You found it on level 3 of the Lair of Beasts)
 19570 | Lair:3   | Reached skill level 9 in Transmutations
 19930 | Lair:3   | Noticed a naga warrior
 20122 | Lair:3   | Mangled by an elephant

Vault maps used:
D:1:      nagdon_arrival_zigzag_paths
D:2:      nicolae_overflow_hidden_temple
D:3:      old_standard_altar, lemuel_blue_sif_altar, uniq_grinder, uniq_robin,
          uniq_terence, uniq_iyjb
D:4:      lemuel_doored_altar, nicolae_overflow_crystal_walls
D:5:      overflow_temple_1_default, basic_altar, first_bread,
          kennysheep_generic_room_13
D:6:      overflow_temple_1_default
D:7:      overflow_temple_1_default, overflow_temple_1_default, temple_doors_c
D:8:      grunt_pizzeria, nicolae_two_hexagons
D:9:      kennysheep_generic_room_11
D:10:     david_lair_shrubbed, serial_shops, shop_coins, serial_bayou_pond_d,
          dk_rats_in_the_wall
Lair:1:   st_stairs_8
Lair:2:   portal_ice_cave_entry_ice_beasts, st_stairs_7, uniq_gastronok
Lair:3:   minmay_snake_entry_guardpost_large, serial_bayou_lagoon_a

Action                   |  1- 3 |  4- 6 |  7- 9 | 10-12 || total
-------------------------+-------+-------+-------+-------++-------
Melee: Unarmed           |    90 |   130 |   314 |   548 ||  1082
 Fire: Blowgun           |       |     4 |    92 |   112 ||   208
 Cast: Beastly Appendage |    12 |    18 |    45 |    49 ||   124
       Sticks to Snakes  |     5 |     8 |     5 |    12 ||    30
       Blink             |       |       |     1 |     2 ||     3
       Repel Missiles    |       |       |       |     2 ||     2
       Blade Hands       |       |       |       |    19 ||    19
Invok: Channel Energy    |       |       |       |     1 ||     1
Evoke: Wand              |       |       |       |    13 ||    13
  Use: Potion            |       |     6 |    10 |     7 ||    23
       Scroll            |       |     2 |    15 |     9 ||    26
 Stab: Sleeping          |     4 |     3 |    11 |    19 ||    37
       Distracted        |       |       |     1 |     2 ||     3
       Paralysed         |       |       |       |     2 ||     2
  Eat: Chunk             |     3 |     8 |    23 |    38 ||    72
       Royal jelly       |       |       |     1 |       ||     1
       Pizza             |       |       |     1 |     1 ||     2
